 Dungeon Crawl Stone Soup version 0.20.0-8-g6b59dc7 (webtiles) character file.

20647 asthiss the Carver (level 12, -9/110 HPs)
             Began as a Minotaur Fighter on May 30, 2017.
             Was a High Priest of Trog.
             Killed from afar by an electric eel (13 damage)
             ... with a bolt of electricity
             ... on level 2 of the Lair of Beasts.
             The game lasted 01:17:37 (12675 turns).

asthiss the Carver (Minotaur Fighter)              Turns: 12675, Time: 01:17:37

Health: -9/110     AC: 19    Str: 25    XL:     12   Next: 47%
Magic:  11/11      EV: 12    Int:  5    God:    Trog [*****.]
Gold:   945        SH:  9    Dex: 14    Spells: 11/11 levels left

rFire    + . .     SeeInvis .   k - +7 scimitar (flame)
rCold    . . .     Gourm    .   x - +2 buckler
rNeg     . . .     Faith    .   a - +2 chain mail {rF+}
rPois    .         Spirit   .   (helmet restricted)
rElec    .         Reflect  .   b - scarf {repulsion}
rCorr    .         Harm     .   G - +2 pair of gloves
MR       +....                  r - +0 pair of boots
Stlth    ..........             (no amulet)
Regen    0.3/turn               u - +3 ring of dexterity
MPRegen  0.2/turn               z - ring of protection from magic

@: invisible, repel missiles
A: retaliatory headbutt, horns 2, sense surroundings 1, subdued magic 1
a: Berserk, Trog's Hand, Brothers in Arms, Burn Spellbooks, Renounce Religion


You were on level 2 of the Lair of Beasts.
You worshipped Trog.
Trog was extremely pleased with you.
You were full.

You visited 3 branches of the dungeon, and saw 14 of its levels.

You collected 945 gold pieces.

Inventory:

Hand Weapons
 c - a +0 scimitar of flaming
 k - a +7 scimitar of flaming (weapon)
 E - the +10 executioner's axe "Cextizyng" {antimagic, +Rage rElec rF+ rN+, unknown}
   (You found it on level 11 of the Dungeon)

   It reduces the magical energy of the wielder, and disrupts the spells and
   magical abilities of those hit.
   Natural abilities and divine invocations are not affected.
   It protects you from fire.
   It insulates you from electricity.
   It protects you from negative energy.
   It lets you go berserk.
Missiles
 h - 6 javelins (quivered)
Armour
 a - a +2 chain mail of fire resistance (worn)
 b - a scarf of repulsion (worn)
 r - a +0 pair of boots (worn)
 w - a +2 ring mail of fire resistance
 x - a +2 buckler (worn)
 G - a +2 pair of gloves (worn)
 H - a +1 ring mail of poison resistance
Magical Staves
 q - an uncursed staff of conjuration {unknown}
 C - an uncursed staff of cold {unknown}
Jewellery
 g - an uncursed ring of resist corrosion {unknown}
 u - a +3 ring of dexterity (left hand)
 z - a ring of protection from magic (right hand)
 I - a cursed +3 ring of strength {unknown}
Wands
 A - a wand of polymorph (14/24)
 B - a wand of confusion (32/48)
 J - a wand of confusion (25/48)
Scrolls
 m - 5 scrolls of remove curse
 n - 4 scrolls of magic mapping
 y - a scroll of fog
Potions
 d - 4 potions of might
 e - 4 potions of brilliance
 f - a potion of haste
 i - 2 potions of berserk rage
 l - 2 potions of cancellation
 p - 6 potions of curing
 s - 6 potions of mutation
 D - a potion of agility
Comestibles
 j - 8 royal jellies
 o - 6 fruits
 t - 4 meat rations
 F - a bread ration


   Skills:
 + Level 11.3 Fighting
 + Level 14.6 Long Blades
 + Level 11.0 Armour
 + Level 7.0 Dodging
 + Level 2.5 Stealth
 + Level 10.6 Shields


You had 11 spell levels left.
You didn't know any spells.

Dungeon Overview and Level Annotations

Branches:
Dungeon (11/15)            Temple (1/1) D:7            Lair (2/6) D:11
  Swamp (0/4) Lair:2          Orc (0/2) D:9
  Snake: Lair:2-4    Spider: Lair:2-4

Altars:
Ashenzari
Cheibriados
Dithmenos
Elyvilon
Fedhas
Gozag
Hepliaklqana
Kikubaaqudgha
Makhleb
Nemelex Xobeh
Okawaru
Qazlal
Ru
Sif Muna
Trog
Uskayaw
Vehumet
Xom
Yredelemnul
Zin
The Shining One


Innate Abilities, Weirdness & Mutations

You reflexively headbutt those who attack you in melee.
You have a pair of horns on your head.
You passively map a small area around you.
Your spells are a little easier to cast, but a little less powerful.


Message History

The electric eel shoots out a bolt of lightning at you!
The bolt of electricity hits you!
* * * LOW HITPOINT WARNING * * *
The electric eel shoots out a bolt of lightning at you!
The bolt of electricity misses you.
The electric eel shoots out a bolt of lightning at you!
The bolt of electricity hits you!
* * * LOW HITPOINT WARNING * * *
The electric eel shoots out a bolt of lightning at you!
The bolt of electricity misses you.
The electric eel shoots out a bolt of lightning at you!
The bolt of electricity hits you!
* * * LOW HITPOINT WARNING * * *
The electric eel shoots out a bolt of lightning at you!
The bolt of electricity hits you!
* * * LOW HITPOINT WARNING * * *
You fade into invisibility!
The electric eel shoots out a bolt of lightning at you!
The bolt of electricity hits you!
You die...

....... ..§≈§§. ##
### ..;§≈§≈
#.###.P#####..;§§≈§
#..............;;§§§
,
##..............§;≈≈§
#P..............§...§
*............##....§§
.......@...# ...... *
###..#..#### .##.#+ *
##....# *##* . *
##.+†P## ** , , *
#......###### *
.##......+..... < *
...........# * , ,
#.P......### * , ,,
#........P# *


You could see 3 electric eels.

Vanquished Creatures
  The ghost of greprep the Fighter, a journeyman MiFi of Qazlal (D:10)
  A hydra (D:11)
  A centaur warrior (D:11)
  A satyr (shapeshifter) (D:9)
  A tengu warrior (D:9)
  A two-headed ogre (D:9)
  3 ugly things
  A black mamba (Lair:1)
  A spiny frog (Lair:2)
  A gargoyle (D:11)
  3 komodo dragons
  A rime drake (Lair:1)
  An efreet (D:9)
  A troll (D:9)
  5 blink frogs (Lair:1)
  4 hippogriffs
  The ghost of Monsterracer the Cudgeler, an amateur GrFi of Okawaru (D:4)
  Sigmund (D:6)
  A human (D:7)
  2 wyverns
  8 yaks
  2 hungry ghosts
  A hog (shapeshifter) (D:11)
  3 fire bats (Lair:1)
  3 hogs (D:7)
  5 water moccasins
  3 porcupines
  7 orc warriors
  2 ice beasts
  5 black bears
  5 ogres
  An eye of draining (shapeshifter) (D:11)
  4 phantoms
  A necrophage (D:8)
  3 sky beasts
  9 centaurs
  4 crocodiles
  12 bullfrogs
  4 scorpions
  2 wyvern skeletons
  3 killer bees (D:11)
  8 wights
  2 centaur zombies
  3 crimson imps
  2 centaur skeletons
  9 orc priests
  3 hounds
  4 jellies
  2 bullfrog skeletons
  18 orc wizards
  7 iguanas
  Natasha (D:4)
  11 worker ants
  A killer bee zombie (D:8)
  3 hound skeletons
  A hound zombie (D:7)
  A howler monkey zombie (D:7)
  A worker ant zombie (D:6)
  8 gnolls
  2 howler monkey skeletons
  13 adders
  2 shadow imps
  An adder zombie (D:9)
  5 worms
  A dart slug (D:3)
  4 leopard geckos
  49 orcs
  4 giant cockroaches
  10 goblins
  11 hobgoblins
  9 jackals
  6 kobolds
  8 quokkas
  A ball python (D:2)
  4 bats
  3 frilled lizards
  A quokka skeleton (D:10)
  7 rats
345 creatures vanquished.

Vanquished Creatures (others)
  A troll (D:9)
1 creature vanquished.

Grand Total: 346 creatures vanquished

Notes
Turn   | Place    | Note
-------+----------+-------------------------------------------
     0 | D:1      | asthiss the Minotaur Fighter began the quest for the Orb.
     0 | D:1      | Reached XP level 1. HP: 19/19 MP: 0/0
     6 | D:1      | Noticed a hog
     6 | D:1      | Noticed a lindwurm
     6 | D:1      | Noticed a komodo dragon
     6 | D:1      | Noticed a wyvern
    82 | D:1      | Reached XP level 2. HP: 27/27 MP: 1/1
   555 | D:2      | Reached XP level 3. HP: 27/33 MP: 2/2
   566 | D:2      | Reached skill level 3 in Long Blades
   751 | D:2      | Found a blossoming altar of Fedhas.
   761 | D:2      | Reached skill level 1 in Dodging
   763 | D:2      | Reached XP level 4. HP: 33/40 MP: 3/3
  1272 | D:3      | Reached XP level 5. HP: 46/46 MP: 4/4
  1441 | D:3      | Reached skill level 4 in Long Blades
  1619 | D:3      | Gained mutation: Your spells are a little easier to cast, but a little less powerful. [potion of mutation]
  1619 | D:3      | Gained mutation: You passively map a small area around you. [potion of mutation]
  1787 | D:4      | Noticed a black bear
  1795 | D:4      | Killed a black bear
  1795 | D:4      | Reached skill level 5 in Armour
  1795 | D:4      | Reached skill level 5 in Shields
  1795 | D:4      | Reached XP level 6. HP: 48/53 MP: 5/5
  2080 | D:4      | Reached skill level 5 in Fighting
  2080 | D:4      | Reached skill level 5 in Long Blades
  2083 | D:4      | Noticed Natasha
  2091 | D:4      | Killed Natasha
  2109 | D:4      | Reached XP level 7. HP: 53/61 MP: 6/6
  2281 | D:4      | Noticed Monsterracer's ghost (amateur GrFi)
  2295 | D:4      | Killed Monsterracer's ghost
  2508 | D:5      | Entered Level 5 of the Dungeon
  2709 | D:5      | Found a shattered altar of Ashenzari.
  2713 | D:5      | Found a hazy altar of Hepliaklqana.
  2713 | D:5      | Found a burning altar of Makhleb.
  2718 | D:5      | Reached skill level 6 in Long Blades
  2975 | D:5      | Reached XP level 8. HP: 70/70 MP: 7/7
  3503 | D:6      | Reached skill level 7 in Long Blades
  4027 | D:6      | Reached skill level 8 in Long Blades
  4136 | D:6      | Found a hide-covered altar of Uskayaw.
  4140 | D:6      | Noticed Sigmund
  4163 | D:6      | Killed Sigmund
  4163 | D:6      | Reached XP level 9. HP: 56/78 MP: 8/8
  4450 | D:7      | Reached skill level 9 in Long Blades
  4583 | D:7      | Found a staircase to the Ecumenical Temple.
  4595 | Temple   | Entered the Ecumenical Temple
  4673 | Temple   | Became a worshipper of Trog the Wrathful
  4935 | D:7      | Found a bloodstained altar of Trog.
  4983 | D:7      | Reached skill level 1 in Stealth
  5019 | D:7      | HP: 1/79 [hog (9)]
  5529 | D:7      | Reached skill level 10 in Long Blades
  5711 | D:7      | Found a glowing golden altar of the Shining One.
  6399 | D:8      | Reached XP level 10. HP: 73/88 MP: 9/9
  6413 | D:8      | Reached * piety under Trog
  6455 | D:8      | Found a sparkling altar of Nemelex Xobeh.
  6854 | D:8      | Reached ** piety under Trog
  7333 | D:8      | Reached skill level 11 in Long Blades
  7669 | D:9      | Reached skill level 5 in Dodging
  7833 | D:9      | Found an iron altar of Okawaru.
  8052 | D:9      | Noticed a two-headed ogre
  8058 | D:9      | Killed a two-headed ogre
  8186 | D:9      | Found a staircase to the Orcish Mines.
  8224 | D:9      | Reached skill level 12 in Long Blades
  8244 | D:9      | Noticed a cyan ugly thing
  8245 | D:9      | Noticed a tengu warrior
  8248 | D:9      | Found a runed door.
  8676 | D:9      | Killed a cyan ugly thing
  8676 | D:9      | Reached XP level 11. HP: 71/97 MP: 10/10
  9079 | D:9      | Reached *** piety under Trog
  9200 | D:9      | Killed a tengu warrior
  9244 | D:9      | Noticed a satyr
  9251 | D:9      | Killed a satyr
  9251 | D:9      | Reached skill level 10 in Armour
  9335 | D:10     | Entered Level 10 of the Dungeon
  9335 | D:10     | Noticed a green ugly thing
  9341 | D:10     | Killed a green ugly thing
  9341 | D:10     | Reached skill level 13 in Long Blades
  9505 | D:10     | Noticed greprep's ghost (journeyman MiFi)
  9520 | D:10     | Killed greprep's ghost
 10220 | D:11     | Noticed a centaur warrior
 10236 | D:11     | Killed a centaur warrior
 10236 | D:11     | Reached **** piety under Trog
 10236 | D:11     | Reached skill level 10 in Fighting
 10551 | D:11     | Found a hazy altar of Hepliaklqana.
 10602 | D:11     | Reached skill level 14 in Long Blades
 11080 | D:11     | Noticed a brown ugly thing
 11084 | D:11     | Noticed a four-headed hydra
 11085 | D:11     | Killed a brown ugly thing
 11090 | D:11     | Killed a one-headed hydra
 11090 | D:11     | Reached skill level 10 in Shields
 11098 | D:11     | Reached XP level 12. HP: 80/107 MP: 3/11
 11187 | D:11     | Got an ancient executioner's axe
 11268 | D:11     | Found a staircase to the Lair.
 11281 | Lair:1   | Entered Level 1 of the Lair of Beasts
 11991 | Lair:1   | Found a dark tunnel.
 12628 | Lair:2   | Reached ***** piety under Trog
 12665 | Lair:2   | Found a staircase to the Swamp.
 12674 | Lair:2   | HP: 4/110 [electric eel/bolt of electricity (10)]
 12675 | Lair:2   | Killed from afar by an electric eel

Skill      XL: |  1  2  3  4  5  6  7  8  9 10 11 12 |
---------------+-------------------------------------+-----
Shields        | 4 5 6 7 9 10 | 10.6
Armour         | 4 5 6 7 9 10 11 | 11.0
Fighting       | 4 5 6 7 9 10 11 | 11.3
Long Blades    | 3 4 5 6 8 10 12 14 | 14.6
Dodging        | 1 2 3 4 5 6 7 |  7.0
Stealth        | 1 2 |  2.5

Action                   |  1- 3 |  4- 6 |  7- 9 | 10-12 || total
-------------------------+-------+-------+-------+-------++-------
Melee: Long sword        |    76 |   145 |   342 |     7 ||   570
       Headbutt          |    11 |    19 |    95 |    94 ||   219
       Scimitar          |       |       |       |   474 ||   474
Invok: Burn Spellbooks   |       |       |     1 |     2 ||     3
       Berserk           |       |       |       |     3 ||     3
  Use: Scroll            |     6 |     3 |     3 |    19 ||    31
       Potion            |     3 |     3 |     6 |     4 ||    16
  Eat: Bread ration      |       |     1 |     3 |     4 ||     8
       Meat ration       |       |       |     1 |       ||     1
       Chunk             |       |       |     1 |       ||     1
       Royal jelly       |       |       |       |     4 ||     4
Armor: Scale mail        |    29 |    50 |    94 |    39 ||   212
       Ring mail         |       |       |       |    59 ||    59
       Chain mail        |       |       |       |    18 ||    18
Dodge: Dodged            |    32 |    44 |    99 |   160 ||   335
       Deflected         |       |       |       |    11 ||    11
Block: Shield            |    47 |    84 |   150 |    69 ||   350
       Buckler           |       |       |       |   106 ||   106
       Rpst.: Long sword |     9 |     9 |    27 |       ||    45
       Scimitar          |       |       |       |    43 ||    43
